AoeStats
← CORP | Diego_Corsant

Scandinavia

510409683Analyzed
1v1 RM · 1d ago on Sep 30, 2026· 39m 1s· 2 players
Game mode
Random Map
Map size
Tiny (2 player)
Population
200
Speed
Normal
Resources
Standard
Victory
Conquest
Starting age
Dark Age
Ending age
Imperial Age
RankedLock teamsTeams togetherTeam positionsShared explorationLock speedFull tech treeHidden civsTurbo modeCheats
Victory
Defeat
🇩🇪 Mongols · Germany
1711
+15
🇺🇸 Hindustanis · United States
1681
-15
CORP | Diego_Corsant
10:27 Feudal Age
14:03 Double-Bit Axe
17:51 Loom
21:11 Castle Age
20:25 Bloodlines
20:00 Horse Collar
20:30 Scale Barding Armor
21:51 Forging
21:14 Light Cavalry
22:10 Husbandry
22:34 Chain Barding Armor
27:42 Forging
30:48 Iron Casting
Oldking
5:06 Loom
9:30 Feudal Age
12:27 Double-Bit Axe
13:44 Loom
17:49 Castle Age
19:22 Fletching
22:23 Bow Saw
22:21 Horse Collar
27:05 Bodkin Arrow
28:22 Gold Mining
30:04 Ballistics
34:01 Bloodlines
34:30 Padded Archer Armor
35:20 Husbandry
39:34 Caravan
Connection lost

Rejoining the realm…

Still unreachable

The connection could not be restored.

Session expired

The server has moved on; the page needs a fresh start.